 Dungeon Crawl Stone Soup version 0.25-a0-73-g9796ba8d15 (webtiles) character file.

Game seed: 5298357358517536420, levelgen mode: deterministic

7602 Gumption the Carver (level 11, -2/89 HPs)
             Began as a Barachi Fighter on Nov 6, 2019.
             Was a Priest of Cheibriados.
             Slain by a troll (8 damage)
             ... on level 9 of the Dungeon.
             The game lasted 01:26:23 (10436 turns).

Gumption the Carver (Barachi Fighter)              Turns: 10436, Time: 01:26:23

Health: -2/89      AC: 22    Str: 29    XL:     11   Next: 17%
Magic:  0/11       EV:  8    Int: 17    God:    Cheibriados [***...]
Gold:   433        SH: 14    Dex: 19    Spells: 10/10 levels left

rFire    . . .     SeeInvis +   a - +1 long sword
rCold    + . .     Gourm    .   c - +0 shield
rNeg     . . .     Faith    .   w - +4 chain mail {rC+}
rPois    .         Spirit   .   u - +0 helmet
rElec    .         Reflect  .   C - +0 cloak
rCorr    .         Harm     .   n - +1 pair of gloves
MR       .....                  d - +0 pair of boots
Stlth    ..........             z - amulet of regeneration
HPRegen  0.64/turn              f - ring of see invisible
MPRegen  0.12/turn              q - +1 ring of protection

@: very slightly contaminated, invisible, very slow
A: +LOS, swims, slowness 1, strong legs 1
a: Hop, Bend Time, Temporal Distortion, Renounce Religion


You were on level 9 of the Dungeon.
You worshipped Cheibriados.
Cheibriados was most pleased with you.
You were not hungry.

You visited 2 branches of the dungeon, and saw 10 of its levels.

You collected 469 gold pieces.
You spent 36 gold pieces at shops.

Inventory:

Hand Weapons
 a - a +1 long sword (weapon)
Missiles
 m - 20 boomerangs
 x - 50 poisoned darts
 A - 6 throwing nets
 F - 5 curare-tipped darts
 I - 2 javelins (quivered)
Armour
 c - a +0 shield (worn)
 d - a +0 pair of boots (worn)
 n - a +1 pair of gloves (worn)
 u - a +0 helmet (worn)
 w - a +4 chain mail of cold resistance (worn)
 C - a +0 cloak (worn)
Jewellery
 f - a ring of see invisible (left hand)
 q - a +1 ring of protection (right hand)
 z - an amulet of regeneration (around neck)
 E - an uncursed ring of protection from magic {unknown}
Wands
 b - a wand of random effects (16)
 t - a wand of disintegration (14)
 K - a wand of paralysis (5)
Scrolls
 g - a scroll of remove curse
 j - 2 scrolls of teleportation
 p - a scroll of enchant armour
 r - 2 scrolls of blinking
 y - a scroll of enchant weapon
 B - 4 scrolls of magic mapping
Potions
 h - a potion of might
 i - 2 potions of lignification
 k - 2 potions of brilliance
 s - a potion of ambrosia
 v - 3 potions of mutation
 D - a potion of magic
 G - a potion of agility
Miscellaneous
 J - a phantom mirror
Comestibles
 e - 18 rations


   Skills:
 + Level 9.1 Fighting
 * Level 11.7 Long Blades
 + Level 9.1 Armour
 * Level 11.1 Shields


You had 10 spell levels left.
You didn't know any spells.
Your spell library contained the following spells:

 Spells                   Type           Power        Failure   Level  Hunger
 Confusing Touch          Hex            #.....       86%         1    ##.....
 Confuse                  Hex            #.......     99%         3    ####...
 Gell's Gravitas          Tloc           #.........   99%         3    ####...
 Recall                   Summ/Tloc      N/A          99%         3    ####...
 Animate Dead             Necr           N/A          100%        4    #####..
 Petrify                  Tmut/Erth      #.......     100%        4    #####..
 Borgnjor's Vile Clutch   Necr/Erth      #.........   100%        5    ######.
 Metabolic Englaciation   Hex/Ice        #.........   100%        5    ######.
 Yara's Violent Unravell  Hex/Tmut       #.........   100%        5    ######.
 Death Channel            Necr           #.........   100%        6    #######
 Simulacrum               Ice/Necr       #.........   100%        6    #######


Dungeon Overview and Level Annotations

Branches:
Dungeon (9/15)             Temple (1/1) D:6
   Lair: D:8-11         Orc: D:9-12

Altars:
Ashenzari
Cheibriados
Dithmenos
Elyvilon
Fedhas
Gozag
Hepliaklqana
Kikubaaqudgha
Makhleb
Nemelex Xobeh
Okawaru
Qazlal
Ru
Sif Muna
Trog
Uskayaw
Vehumet
Wu Jian
Xom
Yredelemnul
Zin
The Shining One

Shops:
D:7 ?%?


Innate Abilities, Weirdness & Mutations

Shadows flee at your approach. (+LOS)
You can swim through water.
You cover ground slowly.
You can hop short distances.


Message History

You block the troll's attack. The troll claws you but does no damage.
The catoblepas gores you but does no damage.
You hear a shout!
You catch the helpless catoblepas completely off-guard!
You hit the catoblepas.
The catoblepas is severely wounded.
The troll barely misses you.
You riposte.
You slash the troll!
The troll is severely wounded.
The troll closely misses you. The troll claws you!
* * * LOW HITPOINT WARNING * * *
You feel better. The catoblepas gores you!
* * * LOW HITPOINT WARNING * * *
The centaur shoots an arrow.
The arrow hits the catoblepas.
The troll barely misses you. The troll closely misses you.
You block the troll's attack.
You catch the helpless catoblepas completely off-guard!
You hit the catoblepas but do no damage.
The catoblepas is severely wounded.
The troll bites you!
You die... ### .?. ## #.# #[) ..# (.# #.# ($. o.##.. #.# #.$ .Y((# #.# ..## Yc..

#.# #.. §s# #.#
#..##Y.# #.# #.(# #.#
##.@# #.# #.T## #.#
.#######..# #.#
..........##########.#
.............>.......#
######################


You could see a catoblepas, a yak, a troll, an orc warrior (wandering), a sky
beast, a centaur and a scorpion (wandering).

Vanquished Creatures
  A two-headed ogre (D:9)
  A centaur warrior (D:8)
  Pikel (D:8)
  A gargoyle (D:8)
  A tengu conjurer (D:8)
  A hippogriff (D:8)
  Sigmund (D:2)
  3 hungry ghosts
  A steam dragon (D:9)
  Menkaure (D:4)
  Duvessa (D:6)
  2 orc warriors
  2 black bears (D:8)
  An ice beast (D:9)
  A necrophage (D:8)
  A phantom (D:8)
  6 ogres
  8 centaurs
  4 big kobolds
  5 bullfrogs
  A wyvern zombie (D:9)
  Dowan (D:6)
  2 gnoll sergeants (D:8)
  5 scorpions
  A water moccasin skeleton (D:7)
  2 howler monkeys
  A crimson imp (D:8)
  An orc priest (D:4)
  A quasit (D:8)
  6 hounds
  2 jellies (D:8)
  8 orc wizards
  Crazy Yiuf (D:6)
  A centaur skeleton (D:5)
  3 gnoll shamans (D:4)
  Terence (D:3)
  3 iguanas
  4 worker ants
  A howler monkey zombie (D:6)
  Robin (D:3)
  A worker ant zombie (D:5)
  58 gnolls
  A howler monkey skeleton (D:8)
  6 adders
  A shadow imp (D:5)
  An adder skeleton (D:8)
  3 leopard geckos
  27 orcs
  2 ball pythons
  7 giant cockroaches
  23 goblins
  7 hobgoblins
  25 jackals
  16 kobolds
  3 quokkas
  7 bats
  6 frilled lizards
  A jackal zombie (D:5)
  A leopard gecko skeleton (D:8)
  5 rats
290 creatures vanquished.

Vanquished Creatures (others)
  4 slaves (D:8)
  A howler monkey (D:9)
  An iguana (D:9)
  A plant (D:4)
7 creatures vanquished.

Grand Total: 297 creatures vanquished

Notes
Turn   | Place    | Note
-------+----------+-------------------------------------------
     0 | D:1      | Gumption the Barachi Fighter began the quest for the Orb.
     0 | D:1      | Reached XP level 1. HP: 18/18 MP: 1/1
   225 | D:1      | Reached XP level 2. HP: 25/25 MP: 2/2
   778 | D:2      | Reached XP level 3. HP: 29/30 MP: 3/3
  1275 | D:2      | Reached XP level 4. HP: 18/37 MP: 4/4
  1624 | D:2      | Found an opulent altar of Gozag.
  1763 | D:2      | Noticed Sigmund
  1814 | D:2      | Killed Sigmund
  1814 | D:2      | Reached skill level 5 in Shields
  1814 | D:2      | Reached XP level 5. HP: 34/43 MP: 5/5
  1814 | D:2      | Reached XP level 6. HP: 39/49 MP: 6/6
  2246 | D:3      | Found a blossoming altar of Fedhas.
  2269 | D:3      | Noticed Terence
  2311 | D:3      | Killed Terence
  2534 | D:3      | Noticed Robin
  2552 | D:3      | Killed Robin
  2552 | D:3      | Reached skill level 5 in Long Blades
  3248 | D:4      | Noticed Menkaure
  3316 | D:4      | Reached skill level 5 in Fighting
  3316 | D:4      | Reached XP level 7. HP: 38/56 MP: 7/7
  3362 | D:4      | Reached skill level 5 in Armour
  3927 | D:4      | Reached XP level 8. HP: 63/63 MP: 8/8
  4345 | D:4      | Killed Menkaure
  5623 | D:4      | Found a shadowy altar of Dithmenos.
  5623 | D:4      | Found a radiant altar of Vehumet.
  5788 | D:5      | Entered Level 5 of the Dungeon
  5797 | D:5      | Reached XP level 9. HP: 65/71 MP: 9/9
  6890 | D:6      | Found a staircase to the Ecumenical Temple.
  6904 | Temple   | Entered the Ecumenical Temple
  6914 | Temple   | Became a worshipper of Cheibriados the Contemplative
  7471 | D:6      | Found a runed translucent door.
  7472 | D:6      | Noticed Crazy Yiuf
  7562 | D:6      | Noticed Duvessa
  7565 | D:6      | Noticed Dowan
  7578 | D:6      | Killed Duvessa
  7604 | D:6      | Killed Dowan
  7991 | D:6      | Killed Crazy Yiuf
  8192 | D:7      | Found Uxtabir's Magic Scroll Shop.
  8200 | D:7      | Bought a scroll of remove curse for 36 gold pieces
  8286 | D:7      | Found Cirix's Magic Scroll Shoppe.
  8365 | D:7      | Reached * piety under Cheibriados
  8366 | D:7      | Found a glowing silver altar of Zin.
  8511 | D:7      | Found Imytz's Food Shop.
  8741 | D:8      | Reached XP level 10. HP: 69/80 MP: 10/10
  8922 | D:8      | Reached skill level 10 in Long Blades
  8958 | D:8      | Found a hide-covered altar of Uskayaw.
  9050 | D:8      | Reached ** piety under Cheibriados
  9282 | D:8      | Noticed Pikel
  9286 | D:8      | Noticed a gargoyle
  9290 | D:8      | Killed Pikel
  9316 | D:8      | Killed a gargoyle
  9316 | D:8      | Reached skill level 10 in Shields
  9347 | D:8      | Identified the +5 robe of Ruicism {rElec rCorr Str+4}
  9347 | D:8      | Noticed a centaur warrior
  9379 | D:8      | Killed a centaur warrior
  9570 | D:8      | Reached *** piety under Cheibriados
  9823 | D:8      | Found an iron altar of Okawaru.
 10112 | D:9      | Reached XP level 11. HP: 87/87 MP: 11/11
 10181 | D:9      | Found a stormy altar of Qazlal.
 10391 | D:9      | Noticed a catoblepas
 10394 | D:9      | Noticed a two-headed ogre
 10415 | D:9      | Killed a two-headed ogre
 10431 | D:9      | HP: 4/89 [catoblepas (25)]
 10436 | D:9      | Slain by a troll

Levels and vault maps discovered:
D:1:      dpeg_arrival_houses_and_road, layout_rooms
D:2:      layout_basic, nicolae_gozag_seed_capital, first_ration,
          cheibrodos_gnoll_hut, uniq_sigmund
D:3:      layout_basic, lemuel_crystal_altar, kennysheep_decorative_pillar,
          minmay_misc_feat_pillars, uniq_robin, uniq_terence
D:4:      lemuel_castle_with_subvaults [lemuel_castle_interior_carwin_1],
          layout_loops_ring, amethyst_overflow_temple_binary,
          minmay_fractal_squares_5, uniq_menkaure
D:5:      layout_basic
D:6:      layout_layer_cave, minmay_temple_entry_junction,
          uniq_crazy_yiuf_cottage, uniq_duvessa
D:7:      layout_loops_cross, lemuel_round_altar, serial_shops, shop,
          nicolae_shop_competitors_out_of_business,
          nicolae_shop_temple_entry_statues_fountains
D:8:      minmay_the_grid_octo_triangle [minmay_the_grid_octo_empty,
          minmay_the_grid_octo_prize_big_c, minmay_the_grid_octo_horde],
          layout_gridville, basic_altar, kennysheep_okawaru_gauntlet, uniq_pikel
D:9:      minmay_bloctagon, layout_long_grid, nicolae_overflow_crystal_walls
Temple:   nicolae_temple_x_marks_the_god

Skill      XL: |  1  2  3  4  5  6  7  8  9 10 11 |
---------------+----------------------------------+-----
Long Blades    | 3 4 5 6 8 9 11 | 11.7
Fighting       | 4 5 6 7 8 9 |  9.1
Armour         | 4 5 6 7 8 9 |  9.1
Shields        | 4 5 6 7 9 10 11 | 11.1

Action                   |  1- 3 |  4- 6 |  7- 9 | 10-12 || total
-------------------------+-------+-------+-------+-------++-------
Melee: Long sword        |   121 |   188 |   574 |   293 ||  1176
Throw: Boomerang         |    14 |    46 |    68 |     2 ||   130
       Javelin           |       |    15 |    87 |    55 ||   157
       Dart              |       |     2 |       |       ||     2
       Stone             |       |       |    53 |       ||    53
  Use: Potion            |     1 |     2 |     1 |     3 ||     7
       Scroll            |     1 |       |    18 |     3 ||    22
 Stab: Invisible         |       |       |       |     3 ||     3
       Petrified         |       |       |       |     3 ||     3
  Eat: Chunk             |     2 |     8 |    17 |     9 ||    36
       Ration            |       |       |     3 |       ||     3
Armor: Scale mail        |    55 |    23 |       |       ||    78
       Skin              |       |    19 |       |       ||    19
       Chain mail        |       |    56 |   359 |   131 ||   546
Dodge: Dodged            |    29 |    43 |   146 |    61 ||   279
Block: Shield            |    54 |   113 |   348 |   214 ||   729
       Rpst.: Long sword |     3 |    10 |    37 |    17 ||    67

Table legend:
 A = Non-vault XP
 B = Vault XP
 C = Vault XP percentage of total XP
 D = Non-vault monster count
 E = Vault monster count
 F = Vault count percentage of total count
                 A         B        C        D         E       F
            +---------+---------+-------+---------+---------+-------
      Total |    5023 |    5837 |  53.7 |     185 |     106 |  36.4
            +---------+---------+-------+---------+---------+-------
        D:1 |      30 |       0 |   0.0 |      19 |       0 |   0.0
        D:2 |      93 |     244 |  72.4 |      27 |       4 |  12.9
        D:3 |      33 |      74 |  69.2 |      15 |      14 |  48.3
        D:4 |     586 |    1273 |  68.5 |      28 |      62 |  68.9
        D:5 |     582 |       0 |   0.0 |      16 |       0 |   0.0
        D:6 |     689 |     270 |  28.2 |      13 |       3 |  18.8
        D:7 |     493 |       0 |   0.0 |      16 |       0 |   0.0
        D:8 |    1866 |    2889 |  60.8 |      37 |      18 |  32.7
        D:9 |     651 |    1087 |  62.5 |      14 |       5 |  26.3
            +---------+---------+-------+---------+---------+-------
